 Dungeon Crawl Stone Soup version 0.27-a0-1230-gfc7c993222 (webtiles) character file.

Game seed: 5333811053838964464

171 27snakeeyes612 the Chopper (level 5, 0/49 HPs)
             Began as a Naga Fighter on June 8, 2021.
             Slain by an orc
             ... wielding a +0 mace
              (5 damage)
             ... on level 4 of the Dungeon.
             The game lasted 00:01:52 (2806 turns).

27snakeeyes612 the Chopper (Naga Fighter)           Turns: 2806, Time: 00:01:53

Health: 0/49       AC:  8    Str: 20    XL:     5   Next: 51%
Magic:  5/5        EV:  5    Int:  8    God:
Gold:   69         SH:  9    Dex: 10    Spells: 4/4 levels left

rFire    . . .     SeeInvis +   a - +0 war axe
rCold    . . .     Faith    .   c - +0 kite shield
rNeg     . . .     Spirit   .   b - +0 scale mail
rPois    +         Reflect  .   (no helmet)
rElec    .         Harm     .   (no cloak)
rCorr    .         Rampage  .   m - +2 pair of gloves
Will     .....                  (no barding)
Stlth    ..........             (no amulet)
HPRegen  0.16/turn              (no ring)
MPRegen  0.09/turn              (no ring)

@: very slow
A: AC +1, large, see invisible, deformed body, poison resistance, slowness 2,
spit poison 1, naga tail 1
a: Spit Poison


You were on level 4 of the Dungeon.
You visited 1 branch of the dungeon, and saw 4 of its levels.

You collected 69 gold pieces.

Inventory:

Hand Weapons
 a - a +0 war axe (weapon)
Armour
 b - a +0 scale mail (worn)
 c - a +0 kite shield (worn)
 m - a +2 pair of gloves (worn)
Jewellery
 h - a +4 ring of evasion
Scrolls
 e - 3 scrolls of teleportation {unknown}
 i - a scroll of enchant armour {unknown}
 j - a scroll of summoning {unknown}
 k - a scroll of fog {unknown}
 o - 2 scrolls of identify {unknown}
 q - a scroll of fear {unknown}
Potions
 d - 2 potions of might
 f - a potion of curing {unknown}
 g - a potion of heal wounds {unknown}
 l - a potion of berserk rage {unknown}
 n - a potion of flight {unknown}
 p - 2 potions of attraction {unknown}
 r - a potion of cancellation {unknown}


   Skills:
 + Level 3.3 Fighting
 + Level 3.5 Axes
 + Level 3.3 Armour
 + Level 0.5 Dodging
 + Level 1.0 Stealth
 + Level 3.1 Shields


You had 4 spell levels left.
You didn't know any spells.
Your spell library contained the following spells:

 Spells                   Type           Power      Damage    Failure   Level
 Animate Skeleton         Necr           0%         N/A       99%         1
 Pain                     Necr           0%         1d4       99%         1
 Vampiric Draining        Necr           0%         2d6       100%        3
 Animate Dead             Necr           0%         N/A       100%        4
 Agony                    Necr           0%         N/A       100%        5


Dungeon Overview and Level Annotations

Branches:
Dungeon (4/15)
 Temple: D:4-7

Altars:


Innate Abilities, Weirdness & Mutations

Your serpentine skin is tough. (AC +1)
You have supernaturally acute eyesight. (SInv)
Armour fits poorly on your strangely shaped body.
Your system is resistant to poisons. (rPois)
You cover ground very slowly.
You can spit poison.
You have a snake-like lower body.


Message History

The orc shouts!
The orc priest calls down the wrath of Beogh upon you.
You struggle to resist.
The orc priest hits you but does no damage.
You barely miss the orc priest. You block the orc priest's attack.
You closely miss the orc priest. You slash the orc!
You kill the orc!
You block the orc priest's attack.
The orc priest hits you with a +0 dagger.
You are too injured to fight recklessly!
You are too injured to fight recklessly!
You are too injured to fight recklessly!
You are too injured to fight recklessly!
You are too injured to fight recklessly!
You are too injured to fight recklessly!
You slash the orc priest!
The orc priest is almost dead.
You closely miss the orc priest.
The orc priest hits you with a +0 hand axe.
The orc priest calls upon Beogh to heal the orc priest.
The orc priest is healed somewhat.
You block the orc priest's attack.
You slash the orc priest!
The orc priest is severely wounded.
You slash the orc priest!
You kill the orc priest!
The orc priest hits you but does no damage.
You block the orc's attack.
The orc priest calls down the wrath of Beogh upon you.
Beogh smites you!
* * * LOW HITPOINT WARNING * * *
You have reached level 5!
You slash the orc priest!
You kill the orc priest!
You closely miss the orc. The orc hits you with a +0 mace.
* * * LOW HITPOINT WARNING * * *
Your Stealth skill increases to level 1!
You hit the orc.
The orc is almost dead.
The orc hits you but does no damage. The orc hits you with a +0 mace.
You die...

###..## ###..
#..#.......)) ##.# #..
...#......#### #.## ##.#
##........## ##..## #..#
#.......## #....####..#
........# #.#........#
#.........
...#........###.......
.............o##........
##............)@#........
###.##..###..##..)......
#.. ##..#..#####.......
#.. ##...## ....... ..
#... #...### ##.# ##.# #.
..# .# .


You could see an orc.

Vanquished Creatures
  A hound (D:4)
  2 orc priests (D:4)
  An adder (D:3)
  An adder skeleton (D:4)
  6 orcs
  5 endoplasms
  5 giant cockroaches
  4 goblins
  3 hobgoblins (D:1)
  4 jackals (D:1)
  3 kobolds (D:1)
  2 quokkas (D:2)
  6 ball pythons
  8 bats
  6 frilled lizards
  6 rats
63 creatures vanquished.

Notes
Turn   | Place    | Note
-------+----------+-------------------------------------------
     0 | D:1      | 27snakeeyes612 the Naga Fighter began the quest for the
                  | Orb.
     0 | D:1      | Reached XP level 1. HP: 21/21 MP: 1/1
   189 | D:1      | Found a faded altar of an unknown god.
   251 | D:1      | Reached XP level 2. HP: 15/28 MP: 2/2
   801 | D:1      | Reached XP level 3. HP: 34/34 MP: 3/3
  2133 | D:3      | Reached XP level 4. HP: 40/42 MP: 4/4
  2805 | D:4      | Reached XP level 5. HP: 7/49 MP: 5/5
  2806 | D:4      | Reached skill level 1 in Stealth
  2806 | D:4      | Slain by an orc

Illustrated notes

Levels and vault maps discovered:
D:1:      amcnicky_arrival_flooded_fountain, layout_basic,
          ebering_ecumenical_altar_box
D:2:      layout_loops_ring
D:3:      layout_basic
D:4:      layout_layer_cave

Skill      XL: |  1  2  3  4  5 |
---------------+----------------+-----
Armour         | 3 |  3.3
Axes           | 3 |  3.5
Shields        | 3 |  3.1
Stealth        | 1 |  1.0
Fighting       | |  3.3
Dodging        | |  0.5

Action                   |  1- 3 |  4- 6 || total
-------------------------+-------+-------++-------
Melee: War axe           |   142 |    44 ||   186
 Abil: Spit Poison       |       |     1 ||     1
Armor: Scale mail        |   106 |    27 ||   133
Dodge: Dodged            |    46 |     7 ||    53
Block: Kite shield       |    93 |    23 ||   116

Table legend: (Time is in decaauts)
 A = Elapsed time spent in this place.
 B = Non-inter-level travel time spent in this place.
 C = Inter-level travel time spent in this place.
 D = Time resting spent in this place.
 E = Time spent auto-exploring this place.
 F = Levels seen in this place.
 G = Mean time per level.
                   A        B        C        D        E       F      G
               +--------+--------+--------+--------+--------+-----+--------+
         Total |   3659 |   3562 |     97 |      0 |   3032 |   4 |  914.8 |
       Dungeon |   3659 |   3562 |     97 |      0 |   3032 |   4 |  914.8 |
               +--------+--------+--------+--------+--------+-----+--------+

Top non-repeatable levels by time:
     D:1: 1185 daAuts
     D:2: 1120 daAuts
     D:3: 883 daAuts
     D:4: 470 daAuts
